 Dungeon Crawl Stone Soup version 0.28-a0-925-gd5e1996cdb (webtiles) character file.

Game seed: 2072840214819941850

337127 tsouns the Warrior (level 21, -5/191 HPs)
             Began as a Palentonga Warper on Nov 24, 2021.
             Was a Favourite Plaything of Xom.
             Slain by a vault warden (55 damage)
             ... on level 2 of the Vaults on Nov 26, 2021.
             The game lasted 02:06:43 (42046 turns).

tsouns the Warrior (Palentonga Warper)             Turns: 42046, Time: 02:06:44

Health: -5/191     AC: 37    Str: 20    XL:     21   Next: 31%
Magic:  29/29      EV: 12    Int: 23    God:    Xom [......]
Gold:   2103       SH: 20    Dex: 11    Spells: 19/31 levels left

rFire   . . .      SeeInvis +   a - +9 demon whip (vorpal)
rCold   + . .      Faith    .   I - +2 tower shield
rNeg    . . .      Spirit   .   E - +1 steam dragon scales
rPois   +          Reflect  .   w - +1 hat
rElec   +          Harm     .   S - +2 cloak of the Gusle {rPois Str+4}
rCorr   .          Rampage  .   y - +2 pair of gloves
Will    ++...      Clarity  +   o - +4 barding {Stlth+}
Stlth   ++........              z - amulet of Amorality {rElec Regen+ Int-2 Slay+3}
HPRegen 1.21/turn               q - ring of Nutropeung {rC+ Int+4}
MPRegen 0.21/turn               K - ring of willpower

@: studying 2 skills, curled up
A: large, rugged brown scales 3, see invisible, deformed body, roll 1, armoured
tail, reflexive curl, hooves 1, iridescent scales 1, clarity, mutation
resistance 2, subdued magic 1, noise suppression
}: 1/15 runes: barnacled
a: Rolling Charge, Renounce Religion


You were on level 2 of the Vaults.
You worshipped Xom.
You were a very special plaything of Xom.
You visited 7 branches of the dungeon, and saw 37 of its levels.
You visited the Abyss 1 time.
You also visited: Desolation.

You collected 5540 gold pieces.
You spent 3437 gold pieces at shops.

Inventory:

Hand Weapons
 a - a +9 vorpal demon whip (weapon)
Missiles
 d - 7 boomerangs of dispersal
 N - 8 throwing nets
 O - 11 javelins (quivered)
 W - 4 curare-tipped darts
Armour
 o - a +4 barding of stealth (worn)
 w - a +1 hat (worn)
 y - a +2 pair of gloves (worn)
 E - +1 steam dragon scales (worn)
 I - a +2 tower shield (worn)
 S - the +2 cloak of the Gusle (worn) {rPois Str+4}
   (You acquired it on level 1 of the Snake Pit)

   Str:       It affects your strength (+4).
   rPois:     It protects you from poison.
Jewellery
 q - the ring of Nutropeung (left hand) {rC+ Int+4}
   (You found it on level 2 of the Lair of Beasts)

   [ring of protection from cold]

   Int:       It affects your intelligence (+4).
   rC:        It protects you from cold.
 z - the amulet of Amorality (around neck) {rElec Regen+ Int-2 Slay+3}
   (You found it on level 3 of the Elven Halls)

   [amulet of regeneration]

   Int:       It affects your intelligence (-2).
   Slay:      It affects your accuracy & damage with ranged weapons and melee
   (+3).
   rElec:     It insulates you from electricity.
   Regen:     It increases your rate of health regeneration.
 K - a ring of willpower (right hand)
Wands
 r - a wand of digging (5)
 u - a wand of iceblast (31)
 B - a wand of polymorph (44)
 J - a wand of paralysis (26)
 T - a wand of mindburst (29)
 U - a wand of acid (19)
 V - a wand of charming (26)
Scrolls
 c - 3 scrolls of blinking
 g - a scroll of holy word
 h - a scroll of silence
 j - 2 scrolls of brand weapon
 v - 18 scrolls of identify
 x - 9 scrolls of teleportation
 F - 5 scrolls of fog
 M - 4 scrolls of magic mapping
 P - 10 scrolls of fear
 Z - 2 scrolls of immolation
Potions
 b - 7 potions of curing
 e - a potion of brilliance
 k - a potion of cancellation
 l - 8 potions of lignification
 m - 6 potions of haste
 n - 2 potions of might
 p - 4 potions of heal wounds
 s - 6 potions of flight
 G - 2 potions of mutation
 R - a potion of resistance
Miscellaneous
 t - a phantom mirror
 A - a condenser vane (inert)
 H - a phantom mirror
 Q - a phial of floods
 X - a tin of tremorstones (inert)
 Y - a lightning rod (4/4)


   Skills:
 - Level 18.8 Fighting
 - Level 14.0 Maces & Flails
 - Level 0.6 Throwing
 + Level 14.0 Armour
 - Level 12.5 Dodging
 - Level 15.0 Shields
 - Level 5.7 Spellcasting
 - Level 7.5 Translocations
 - Level 10.4 Evocations


You had 19 spell levels left.
You knew the following spells:

 Your Spells              Type           Power      Damage    Failure   Level
a - Blink                 Tloc           62%        N/A       1%          2
b - Teleport Other        Tloc           31%        N/A       1%          3
c - Call Imp              Summ           5%         N/A       11%         2
d - Manifold Assault      Tloc           31%        N/A       9%          5

Your spell library contained the following spells:

 Spells                   Type           Power      Damage    Failure   Level
 Gell's Gravitas          Tloc           31%        N/A       1%          3
 Lesser Beckoning         Tloc           31%        N/A       1%          3
 Passage of Golubria      Tloc           31%        N/A       3%          4
 Portal Projectile        Hex/Tloc       36%        N/A       4%          3
 Animate Skeleton         Necr           10%        N/A       7%          1
 Foxfire                  Conj/Fire      20%        2x1d5     7%          1
 Magic Dart               Conj           20%        1d4       7%          1
 Pain                     Necr           20%        1d5       7%          1
 Sandblast                Erth           10%        2d5       7%          1
 Shock                    Conj/Air       20%        1d4       7%          1
 Sting                    Tmut/Pois      20%        1d4       7%          1
 Corpse Rot               Necr/Air       10%        N/A       11%         2
 Poisonous Vapours        Pois/Air       10%        N/A       11%         2
 Scorch                   Fire           10%        2d6       11%         2
 Static Discharge         Conj/Air       5%         N/A       11%         2
 Sublimation of Blood     Necr           5%         N/A       11%         2
 Iskenderun's Mystic Bla  Conj/Tloc      18%        2d6       16%         4
 Call Canine Familiar     Summ           5%         N/A       22%         3
 Conjure Flame            Conj/Fire      5%         6-21      22%         3
 Dazzling Flash           Conj/Hex       10%        N/A       22%         3
 Ignite Poison            Fire/Tmut/Pois 5%         N/A       22%         3
 Mephitic Cloud           Conj/Pois/Air  5%         N/A       22%         3
 Tukima's Dance           Hex            5%         N/A       22%         3
 Vampiric Draining        Necr           5%         2d6       22%         3
 Summon Forest            Summ/Tloc      9%         N/A       41%         5
 Dispersal                Tloc           15%        N/A       47%         6
 Airstrike                Air            2%         N/A       61%         4
 Animate Armour           Summ/Erth      10%        N/A       61%         4
 Animate Dead             Necr           2%         N/A       61%         4
 Dispel Undead            Necr           5%         3d7       61%         4
 Leda's Liquefaction      Hex/Erth       2%         N/A       61%         4
 Olgreb's Toxic Radiance  Pois           5%         N/A       61%         4
 Petrify                  Tmut/Erth      5%         N/A       61%         4
 Sticky Flame             Conj/Fire      5%         2d3       61%         4
 Summon Lightning Spire   Summ/Air       5%         N/A       61%         4
 Agony                    Necr           5%         N/A       92%         5
 Alistair's Intoxication  Tmut/Pois      3%         N/A       92%         5
 Blade Hands              Tmut           2%         N/A       92%         5
 Borgnjor's Vile Clutch   Necr/Erth      2%         N/A       92%         5
 Excruciating Wounds      Necr           2%         N/A       92%         5
 Fireball                 Conj/Fire      2%         3d4       92%         5
 Irradiate                Conj/Tmut      2%         3d14      92%         5
 Iskenderun's Battlesphe  Conj           5%         2d6       92%         5
 Lightning Bolt           Conj/Air       2%         1d14      92%         5
 Yara's Violent Unravell  Hex/Tmut       2%         3d3       92%         5
 Conjure Ball Lightning   Conj/Air       2%         3x3d6     100%        6
 Death Channel            Necr           2%         N/A       100%        6
 Eringya's Noxious Bog    Tmut/Pois      2%         N/A       100%        6
 Iron Shot                Conj/Erth      2%         9d2       100%        6
 Starburst                Conj/Fire      2%         6d3       100%        6
 Statue Form              Tmut/Erth      3%         N/A       100%        6
 Orb of Destruction       Conj           2%         9d1       100%        7
 Summon Hydra             Summ           2%         N/A       100%        7
 Discord                  Hex            2%         N/A       100%        8
 Disjunction              Tloc           15%        N/A       100%        8
 Lehudib's Crystal Spear  Conj/Erth      2%         10d2      100%        8


Dungeon Overview and Level Annotations

Branches:
Dungeon (15/15)            Temple (0/1) D:5            Lair (6/6) D:9
 Shoals (4/4) Lair:3        Snake (4/4) Lair:2        Slime (0/5) Lair:5
    Orc (2/2) D:11            Elf (3/3) Orc:2        Vaults (3/5) D:14
 Depths (0/4) D:15        Desolation (visited)
  Crypt: Vaults:2-3

Altars:
Ashenzari
Cheibriados
Kikubaaqudgha
Nemelex Xobeh
Okawaru
Qazlal
Ru
Wu Jian
Xom
Zin
Beogh
Lugonu

Shops:
D:5 (   D:11 (   Orc:2 (*[(   Elf:2 *   Elf:3 =(((   Snake:1 *   Snake:3 **?[
Vaults:2 *   Vaults:3 ?

Portals:
Abyss: Lair:6

Annotations:
D:8 2 transporters, exclusion: ice statue, wakim's ghost, novice TrHu
D:10 1 runed translucent door, emperorscorpion's ghost, journeyman DjTm
Lair:3 1 runed translucent door, Illot's ghost, adept MfTm
Elf:2 3 runed translucent doors, Donald


Innate Abilities, Weirdness & Mutations

You are completely covered in rugged brown scales. (AC +3, +7% HP)
You have supernaturally acute eyesight. (SInv)
Armour fits poorly on your strangely shaped body.
You can roll at nearby foes to attack.
You have a long armoured tail.
You curl defensively after being hit. (AC +7*)
You have large cloven feet.
You are partially covered in iridescent scales. (AC +2)
You possess an exceptional clarity of mind.
You are somewhat resistant to both further mutation and mutation removal.
Your spells are a little easier to cast, but a little less powerful.
You passively dampen the noise of your surroundings.


Message History

You whack the ironbound convoker!
The ironbound convoker is moderately wounded.
You block the ironbound convoker's attack.
You hit the ironbound convoker. You kick the ironbound convoker.
The ironbound convoker is heavily wounded.
You thrash the ironbound convoker!!
You kill the ironbound convoker!
The vault warden hits you with a +0 great sword!
You block the deep troll's attack. The deep troll claws you.
You block the deep troll's attack.
There is a large open door, spattered with blood here.
Things that are here:
a +0 great mace; a +0 scale mail You whack the deep troll!
You kick the deep troll, but do no damage.
You tail-slap the deep troll!
The deep troll is heavily wounded.
The vault warden activates a sealing rune.
A door slams shut!
You are pushed out of the doorway!
That door is sealed shut!
That door is sealed shut!
You thrash the vault warden!! You kick the vault warden.
The vault warden is moderately wounded.
A deep troll breaks down the large door.
You hit the vault warden but do no damage.
You tail-slap the vault warden, but do no damage.
The vault warden is moderately wounded.
The vault warden hits you with a +0 great sword!
* * * LOW HITPOINT WARNING * * *
You emit a cloud of colourful smoke!
You hit the vault warden but do no damage.
Your tail-slap misses the vault warden.
The vault warden is moderately wounded.
You whack the vault warden! Your kick misses the vault warden.
You tail-slap the vault warden!
The vault warden is heavily wounded.
Xom chortles.
The vault warden's +0 great sword erupts in a glittering mayhem of colour.
The vault warden hits you with a +1 great sword of chaos!!!
You die...

.....# #.....#########. .....#
#.....# ## .....#
#.....##########
.....#############.....#.........
.....'.#.#...#.#.+.....#.###.#.#.
.....##.#.#.#.#.##.....#.#)#.#.#.
.....#.#.#.#.#.#.#.....#.#.###.##
#######.#.#.#.#§##.....#.#†#.#.#.
#.#.#.#.#.#@T.....#.#.#.#.#.
#..#.#.#[#)p').[..#...#.....
#.#.#.#)#(#>#.....#.########
##.#.#.#.#.##.....#.#.#...#.
#.#.#.#.#.#.#.....#.#.###.#.
##.#.#.#.#.##.....#.#.#...#.
#.#.#...#.#.#.....#.#.###.#.
#############.....+.........
#.....#######+#'


You could see a vault warden (strong) and a deep troll (strong).

Vanquished Creatures
  Mara (Shoals:3)
  Sojobo (Vaults:2)
  Saint Roka (Orc:2)
  Vashnia (Snake:3)
  A tentacled monstrosity (Vaults:2)
  3 deep elf blademasters
  Polyphemus (Shoals:2)
  A deep elf master archer (Elf:3)
  2 tengu reavers (Vaults:2)
  2 sphinxes (Vaults:2)
  A nagaraja (Snake:3)
  Roxanne (Shoals:4)
  5 deep elf sorcerers
  A ghost moth (Shoals:4)
  An orc warlord (Vaults:1)
  A frost giant (Shoals:4)
  A vault warden (Vaults:2)
  An emperor scorpion (Elf:3)
  3 imperial myrmidons (Desolation)
  Louise (Shoals:2)
  7 ironbound preservers
  3 deep elf elementalists (Elf:3)
  A quicksilver ooze (Lair:4)
  6 very ugly things (Vaults:2)
  An entropy weaver (Elf:3)
  4 deep elf annihilators
  3 deep elf demonologists (Elf:3)
  2 halazid warlocks (Desolation)
  11 dire elephants
  A blizzard demon (Abyss:2)
  Snorg (Lair:4)
  2 merfolk javelineers
  6 merfolk impalers
  An ettin (Vaults:2)
  A crystal guardian (Desolation)
  5 deep elf death magi (Elf:3)
  3 servants of whispers (Desolation)
  6 yaktaur captains
  4 deep elf high priests
  A rakshasa (D:15)
  A great orb of eyes (Vaults:2)
  Harold (Lair:1)
  3 ironbound thunderhulks
  Fannar (Lair:2)
  9 hydras
  2 boulder beetles
  2 alligator snapping turtles (Shoals:4)
  6 peacekeepers
  5 vault guards (D:14)
  4 naga warriors
  4 ironbound frosthearts
  5 ogre magi
  2 catoblepae
  A satyr (Shoals:2)
  5 merfolk aquamancers
  16 centaur warriors
  2 merfolk avatars
  4 salamander tyrants (Snake:3)
  19 two-headed ogres
  2 tengu warriors (D:13)
  16 dancing weapons
  3 anacondas
  A death knight (D:13)
  11 death yaks
  3 thrashing horrors (Lair:6)
  Nergalle (D:12)
  Urug (D:12)
  12 naga sharpshooters
  3 shock serpents
  Sonja (Lair:5)
  8 deep elf knights
  A wretched star (Abyss:2)
  7 salamander mystics
  7 sea snakes
  23 deep trolls
  A flayed ghost (D:12)
  3 wizards
  4 orc knights
  10 deep elf archers
  A naga ritualist (Snake:2)
  9 ironbound convokers
  3 lindwurms (Vaults:2)
  2 glowing orange brains
  2 orc sorcerers (Orc:2)
  32 deep elf zephyrmancers
  5 mana vipers
  11 harpies
  19 deep elf pyromancers
  34 ugly things
  5 cyclopes
  An oklob plant (Lair:5)
  5 manticores
  A salamander (shapeshifter) (Lair:6)
  14 salamanders
  3 fauns (Shoals:1)
  8 merfolk sirens
  Joseph (D:10)
  25 black mambas
  5 elephants (Lair:2)
  4 centaur zombies
  Maurice (D:8)
  An eye of devastation (Orc:2)
  11 naga magi
  3 guardian serpents
  5 water nymphs
  10 vault sentinels
  Maggie (D:6)
  3 torpor snails
  4 smoke demons
  16 cane toads
  A cane toad (shapeshifter) (D:13)
  A rime drake (shapeshifter) (D:15)
  An unseen horror (D:11)
  9 komodo dragons
  3 rime drakes
  14 yaktaurs
  A tengu conjurer (D:13)
  3 ancient zymes (Lair:6)
  A jumping spider (shapeshifter) (D:15)
  3 trolls
  A queen bee (shapeshifter) (D:13)
  A tyrant leech (Lair:6)
  Prince Ribbit (D:5)
  20 saltlings (Desolation)
  25 blink frogs
  19 merfolk
  2 wind drakes
  30 slime creatures
  A slime creature (shapeshifter) (Lair:6)
  10 snapping turtles
  7 dream sheep
  3 flying skulls (Abyss:2)
  4 shadows
  2 ynoxinuls (Lair:6)
  2 spriggans (Lair:6)
  2 air elementals (Elf:1)
  7 wyverns
  15 water elementals
  A large abomination (Abyss:2)
  A vampire (D:11)
  3 wraiths (D:12)
  36 yaks
  9 basilisks
  4 fire elementals
  11 fire bats (D:12)
  3 vampire mosquitoes (D:10)
  A human (D:14)
  3 steam dragons
  35 nagas
  2 wargs
  4 swamp worms (Lair:6)
  A swamp drake (Lair:5)
  14 water moccasins
  An ice beast (D:8)
  Duvessa (D:6)
  2 sky beasts
  23 orc warriors
  A black bear (Lair:2)
  A hornet zombie (D:5)
  A necrophage (D:6)
  5 boggarts
  22 ogres
  6 wolves (Lair:1)
  11 centaurs
  2 phantoms
  A kobold brigand (D:10)
  9 small abominations (Lair:6)
  22 bullfrogs
  A scorpion (D:6)
  An earth elemental (Elf:2)
  2 gnoll sergeants
  Dowan (D:6)
  A wyvern skeleton (D:7)
  12 killer bees
  3 howler monkeys (D:8)
  8 wights (D:8)
  4 hounds
  2 jellies
  3 gnoll shamans
  19 orc priests
  A centaur skeleton (D:7)
  21 orc wizards
  An iguana (D:5)
  A scorpion zombie (D:5)
  A killer bee zombie (D:8)
  19 gnolls
  4 adders
  A river rat (D:6)
  A shadow imp (D:4)
  A white imp (D:5)
  3 worms
  2 dart slugs (D:3)
  71 orcs
  5 endoplasms
  2 giant cockroaches
  2 goblins
  6 hobgoblins
  15 jackals
  11 kobolds
  3 quokkas (D:1)
  4 ball pythons
  37 bats
  6 rats
  A butterfly (Lair:5)
  3 pillars of salt (Vaults:1)
1258 creatures vanquished.

Vanquished Creatures (collateral kills)
  A deep elf demonologist (Elf:3)
  A shambling mangrove (Lair:5)
  A naga warrior (Snake:2)
  A deep elf archer (Elf:1)
  A deep elf zephyrmancer (Elf:2)
  An orc knight (Vaults:1)
  3 naga magi
  A rime drake (Lair:4)
  2 blink frogs
  3 yaks (Lair:4)
  A basilisk (Lair:6)
  A fire elemental (Elf:2)
  A naga (Snake:3)
  Edmund (D:6)
  An ogre (D:6)
  Blork the orc (D:6)
  A kobold brigand (D:4)
  2 scorpions
  2 hounds
  A white imp (D:6)
  A pillar of salt (Vaults:1)
28 creatures vanquished.

Vanquished Creatures (others)
  An imperial myrmidon (Desolation)
  3 dancing weapons
  A deep elf archer (Elf:3)
  4 deep elf pyromancers
  A wizard (Vaults:2)
  A deep elf zephyrmancer (Elf:1)
  A rime drake (Lair:6)
  A saltling (Desolation)
  4 yaks (Lair:6)
  A naga (Snake:2)
  An orc wizard (D:6)
  3 bushes (Lair:4)
  10 fungi
  3 pillars of salt (Vaults:1)
  51 plants
86 creatures vanquished.

Grand Total: 1372 creatures vanquished

Notes
Turn   | Place    | Note
-------+----------+-------------------------------------------
     0 | D:1      | tsouns the Palentonga Warper began the quest for the Orb.
     0 | D:1      | Reached XP level 1. HP: 17/17 MP: 3/3
   670 | D:1      | Found a faded altar of an unknown god.
   677 | D:1      | Prayed at the altar of an unknown god.
   677 | D:1      | Became a worshipper of Xom of Chaos
   686 | D:1      | Reached XP level 2. HP: 24/24 MP: 5/5
  1233 | D:1      | XOM: god gift: 3 silver javelins
  1345 | D:1      | XOM: scenery: 1 doors open
  1688 | D:2      | You fall into a shaft and drop 1 floor!
  1936 | D:2      | Gained mutation: You are clumsy. (Dex -2) [potion of
                  | mutation]
  1936 | D:2      | Gained mutation: You can roll at foes to attack. [potion of
                  | mutation]
  1936 | D:2      | Gained mutation: You have a pair of small antennae on your
                  | head. [potion of mutation]
  1936 | D:2      | Gained mutation: You are partially covered in iridescent
                  | scales. (AC +2) [potion of mutation]
  1943 | D:2      | XOM: 2-stop teleportation journey
  1972 | D:2      | Reached XP level 3. HP: 29/29 MP: 6/6
  2278 | D:2      | XOM: scenery: summon butterflies
  2709 | D:3      | Reached skill level 3 in Fighting
  3061 | D:3      | XOM: give mutations
  3061 | D:3      | Gained mutation: You can roll a great distance at foes to
                  | attack. [Xom's grace]
  3061 | D:3      | Gained mutation: You have sharp toenails. [Xom's grace]
  3061 | D:3      | Gained mutation: You are covered in fur. (AC +1) [Xom's
                  | grace]
  3061 | D:3      | Gained mutation: You are mostly covered in iridescent
                  | scales. (AC +4) [Xom's grace]
  3072 | D:3      | XOM: scenery: 1 doors close
  3094 | D:3      | Reached XP level 4. HP: 29/37 MP: 7/7
  3146 | D:3      | XOM: give mutation
  3146 | D:3      | Gained mutation: Your natural rate of healing is unusually
                  | fast. [Xom's grace]
  3415 | D:3      | Learned a level 2 spell: Blink
  3419 | D:3      | Learned a level 3 spell: Teleport Other
  3475 | D:3      | XOM: god gift: +0 barding of stealth
  3480 | D:3      | XOM: silly message
  3590 | D:4      | Noticed a phantom
  3595 | D:4      | XOM: 2-stop teleportation journey
  3655 | D:4      | Noticed a scorpion
  3656 | D:4      | XOM: cast spell 'Summon Mana Viper'
  3661 | D:4      | Reached XP level 5. HP: 40/44 MP: 8/8
  3663 | D:4      | Reached skill level 4 in Fighting
  3747 | D:4      | Identified the +1 chain mail of Ilitil {rN+ Will+ Dex+4}
  3830 | D:4      | XOM is BORED!
  3830 | D:4      | XOM: stat loss: -1 Str (13/14)
  3894 | D:4      | XOM: summons 3 friendly demons
  3897 | D:4      | Reached XP level 6. HP: 50/52 MP: 9/9
  4216 | D:4      | You fall into a shaft and drop 2 floors!
  4249 | D:6      | XOM: summons friendly hellwing
  4253 | D:6      | Reached skill level 5 in Fighting
  4253 | D:6      | Reached skill level 5 in Maces & Flails
  4267 | D:6      | XOM: god gift: staff of death
  4297 | D:6      | Gained mutation: You curl defensively after being hit. (AC
                  | +7*) [Palentonga growth]
  4297 | D:6      | Reached XP level 7. HP: 56/60 MP: 10/10
  4310 | D:6      | Noticed Edmund
  4326 | D:6      | Killed Edmund
  4327 | D:6      | Reached skill level 6 in Fighting
  4331 | D:6      | XOM: give mutation
  4331 | D:6      | Gained mutation: You passively dampen the noise of your
                  | surroundings. [Xom's grace]
  4441 | D:6      | Noticed Blork the orc
  4453 | D:6      | Killed Blork the orc
  4489 | D:6      | Found a broken altar of Ashenzari.
  4536 | D:6      | Found a glowing drain.
  4537 | D:6      | Noticed Dowan
  4550 | D:6      | XOM: summons 1 hostile shadow creature
  4557 | D:6      | Killed Dowan
  4568 | D:6      | Noticed Duvessa
  4572 | D:6      | XOM: enchant monster (bad)
  4580 | D:6      | XOM: give mutations
  4580 | D:6      | Gained mutation: You are somewhat resistant to further
                  | mutation. [Xom's grace]
  4580 | D:6      | Gained mutation: You are strong-willed. (Will+) [Xom's
                  | grace]
  4589 | D:6      | Noticed Maggie
  4589 | D:6      | XOM: 7-stop teleportation journey
  4590 | D:6      | You fall into a shaft and drop 1 floor!
  4698 | D:6      | Reached XP level 8. HP: 54/69 MP: 11/11
  4702 | D:5      | Entered Level 5 of the Dungeon
  4734 | D:5      | Noticed Prince Ribbit
  4752 | D:5      | XOM: enchant monster (good)
  4755 | D:5      | Reached skill level 7 in Fighting
  4868 | D:5      | XOM: cast spell 'Leda's Liquefaction'
  4875 | D:5      | Killed Prince Ribbit
  4876 | D:5      | Reached skill level 8 in Fighting
  4954 | D:5      | Found a staircase to the Ecumenical Temple.
  4989 | D:5      | Found Suxzujif's Weapon Emporium.
  4997 | D:5      | XOM: destruction
  5038 | D:5      | XOM: 7-stop teleportation journey
  5086 | D:5      | XOM: divination: detect creatures
  5110 | D:5      | XOM: god gift: bubbling green potion {god gift}
  5406 | D:4      | XOM: divination: magic mapping
  5515 | D:4      | XOM: divination: magic mapping
  5754 | D:6      | XOM: scenery: 1 doors close
  5800 | D:6      | XOM: summons friendly white imp
  5802 | D:6      | Reached XP level 9. HP: 72/80 MP: 12/12
  5805 | D:6      | XOM: divination: detect items
  5837 | D:6      | Killed Maggie
  5838 | D:6      | Reached skill level 9 in Fighting
  5903 | D:6      | Identified the +1 robe "Vifiath" {+Inv rC+ Dex+4}
  6046 | D:6      | XOM: divination: magic mapping
  6053 | D:6      | Killed Duvessa
  6411 | D:7      | XOM: enchant monster (bad)
  6878 | D:8      | Reached skill level 10 in Fighting
  6878 | D:8      | Reached skill level 10 in Maces & Flails
  6924 | D:8      | XOM: cast spell 'Call Canine Familiar'
  6945 | D:8      | XOM: silly message
  6956 | D:8      | Learned a level 2 spell: Call Imp
  6962 | D:8      | Learned a level 5 spell: Manifold Assault
  6972 | D:8      | XOM: divination: magic mapping
  6985 | D:8      | XOM: enchant monster (bad)
  7027 | D:8      | Reached XP level 10. HP: 92/92 MP: 13/13
  7048 | D:8      | Found a transporter.
  7157 | D:8      | XOM: confuse monster(s)
  7226 | D:8      | Found an ornate altar of the Wu Jian Council.
  7258 | D:8      | Noticed an ice statue
  7274 | D:8      | Found a transporter.
  7277 | D:8      | Noticed wakim's ghost (novice TrHu)
  7296 | D:8      | XOM: divination: detect items
  7306 | D:8      | XOM: silly message
  7338 | D:8      | Noticed Maurice
  7355 | D:8      | Killed Maurice
  7477 | D:8      | Noticed a deep elf pyromancer
  7501 | D:8      | XOM: potion effect (haste)
  7518 | D:8      | Killed a deep elf pyromancer
  7579 | D:8      | Reached skill level 11 in Fighting
  7822 | D:9      | XOM: divination: magic mapping
  7886 | D:9      | Got the Grimoire of Dislocation and Earth
  8057 | D:9      | XOM: potion effect (invisibility)
  8058 | D:9      | Noticed a two-headed ogre
  8064 | D:9      | XOM: cast spell 'Dispersal'
  8069 | D:9      | Killed a two-headed ogre
  8159 | D:9      | XOM: 4-stop teleportation journey
  8173 | D:9      | Found a staircase to the Lair.
  8201 | D:9      | XOM: 3-stop teleportation journey
  8264 | D:9      | XOM: god gift: 29 stones
  8490 | D:9      | You fall into a shaft and drop 2 floors!
  8525 | D:11     | Reached skill level 12 in Fighting
  8561 | D:11     | XOM: cleaving
  8562 | D:11     | XOM: smoke on damage
  8636 | D:10     | Entered Level 10 of the Dungeon
  8727 | D:10     | XOM: divination: magic mapping
  8747 | D:10     | Reached XP level 11. HP: 97/101 MP: 14/14
  8844 | D:10     | Noticed Joseph
  8868 | D:10     | Killed Joseph
  8930 | D:10     | XOM: 4-stop teleportation journey
  9033 | D:10     | Found a runed translucent door.
  9033 | D:10     | Found a shimmering altar of Xom.
  9033 | D:10     | Noticed emperorscorpion's ghost (journeyman DjTm)
  9034 | D:10     | Noticed a +4 war axe of chaos
  9814 | Lair:1   | Entered Level 1 of the Lair of Beasts
  9820 | Lair:1   | XOM: give mutations
  9820 | Lair:1   | Gained mutation: You are robust. (+10% HP) [Xom's grace]
  9820 | Lair:1   | Gained mutation: You are somewhat resistant to both further
                  | mutation and mutation removal. [Xom's grace]
  9820 | Lair:1   | Gained mutation: You have razor-sharp toenails. [Xom's
                  | grace]
  9820 | Lair:1   | Gained mutation: You are almost entirely resistant to
                  | further mutation and mutation removal. [Xom's grace]
  9853 | Lair:1   | Reached skill level 1 in Armour
  9957 | Lair:1   | XOM: summons 2 hostile shadow creatures
  9987 | Lair:1   | XOM: noise
 10125 | Lair:1   | Noticed an eight-headed hydra
 10144 | Lair:1   | Killed an eight-headed hydra
 10305 | Lair:1   | Noticed Harold
 10310 | Lair:1   | XOM: enchant monster (bad)
 10323 | Lair:1   | Killed Harold
 10323 | Lair:1   | XOM: chaos cloud
 10324 | Lair:1   | Reached skill level 13 in Fighting
 10763 | Lair:1   | XOM: give mutations
 10763 | Lair:1   | Lost mutation: You have a pair of small antennae on your
                  | head. [Xom's mischief]
 10763 | Lair:1   | Lost mutation: You have razor-sharp toenails. [Xom's
                  | mischief]
 10953 | Lair:2   | XOM: noise
 10955 | Lair:2   | XOM: noise
 11081 | Lair:2   | Identified the ring of Nutropeung {rC+ Int+4}
 11125 | Lair:2   | Reached XP level 12. HP: 122/122 MP: 15/15
 11139 | Lair:2   | Found a staircase to the Snake Pit.
 11234 | Lair:2   | XOM: scenery: create altars
 11345 | Lair:2   | Noticed Fannar
 11362 | Lair:2   | Killed Fannar
 11383 | Lair:2   | XOM: 1-stop teleportation journey
 11529 | Lair:2   | XOM: summons 2 friendly demons
 11562 | Lair:2   | XOM: cast spell 'Call Canine Familiar'
 11565 | Lair:2   | Reached skill level 5 in Dodging
 11570 | Lair:2   | XOM: fake destruction
 11697 | Lair:2   | XOM: cloud trail
 11726 | Lair:2   | XOM: silly message
 11827 | Lair:2   | Reached skill level 5 in Armour
 12165 | D:5      | Bought a +1 demon whip of flaming for 408 gold pieces
 12289 | Lair:3   | XOM: stealth player
 12343 | Lair:3   | XOM: cast spell 'Summon Ice Beast'
 12383 | Lair:3   | Reached skill level 14 in Fighting
 12383 | Lair:3   | Reached skill level 1 in Shields
 12409 | Lair:3   | Noticed a catoblepas
 12419 | Lair:3   | XOM: smoke on damage
 12420 | Lair:3   | XOM: enchant monster (good)
 12424 | Lair:3   | Killed a catoblepas
 12431 | Lair:3   | XOM: polymorph cane toad -> harpy
 12435 | Lair:3   | XOM: confuse monster(s)
 12507 | Lair:3   | XOM: summons 5 friendly demons
 12511 | Lair:3   | XOM: god gift: scroll labelled GIF XIHIU {god gift}
 12515 | Lair:3   | XOM: destruction
 12525 | Lair:3   | Identified a scroll of acquirement
 12525 | Lair:3   | Acquired 380 gold pieces
 12558 | Lair:3   | XOM: potion effect (haste)
 12608 | Lair:3   | Noticed a seven-headed hydra
 12608 | Lair:3   | Noticed a seven-headed hydra
 12615 | Lair:3   | XOM: summons 2 friendly demons
 12623 | Lair:3   | Killed a seven-headed hydra
 12626 | Lair:3   | Killed a seven-headed hydra
 12627 | Lair:3   | Reached XP level 13. HP: 130/132 MP: 16/16
 12705 | Lair:3   | Found a runed translucent door.
 12707 | Lair:3   | Found a shimmering altar of Xom.
 12707 | Lair:3   | Noticed Illot's ghost (adept MfTm)
 12802 | Lair:3   | XOM: blink monster(s)
 12818 | Lair:3   | Found a staircase to the Shoals.
 13030 | Lair:3   | XOM: summons 2 hostile shadow creatures
 13203 | Lair:4   | XOM: summons 13 friendly demons
 13215 | Lair:4   | Noticed Snorg
 13226 | Lair:4   | Killed Snorg
 13393 | Lair:4   | XOM: god gift: scroll of amnesia
 13426 | Lair:4   | Identified the +1 triple crossbow of Joing {penet, Will++
                  | Str-4 SInv} (Xom gifted it to you on level 4 of the Lair of
                  | Beasts)
 13426 | Lair:4   | XOM: god gift: +1 triple crossbow of Joing {penet, Will++
                  | Str-4 SInv}
 13488 | Lair:4   | XOM: scenery: summon butterflies
 13525 | Lair:4   | XOM: god gift: ring mail {god gift}
 13540 | Lair:4   | Noticed a quicksilver ooze
 13540 | Lair:4   | a death yak changed into a quicksilver ooze
 13540 | Lair:4   | XOM: polymorph death yak -> quicksilver ooze
 13543 | Lair:4   | XOM: 2-stop teleportation journey
 13553 | Lair:4   | XOM: polymorph butterfly -> rat
 13572 | Lair:4   | Killed a quicksilver ooze
 13610 | Lair:4   | XOM: scenery: create altars
 13902 | Lair:4   | XOM: give mutation
 13902 | Lair:4   | Gained mutation: Your flesh is cold resistant. (rC+) [Xom's
                  | grace]
 14273 | Lair:4   | XOM: scenery: create altars
 14344 | Lair:5   | XOM: polymorph wyvern -> swamp drake
 14646 | Lair:5   | Found a staircase to the Slime Pits.
 14661 | Lair:5   | XOM: scenery: summon butterflies
 14663 | Lair:5   | Noticed Sonja
 14666 | Lair:5   | XOM: polymorph butterfly -> shapeshifter
 14675 | Lair:5   | XOM: cleaving
 14681 | Lair:5   | Killed Sonja
 14686 | Lair:5   | XOM: confuse monster(s)
 14689 | Lair:5   | XOM: polymorph oklob plant -> shambling mangrove
 14837 | Lair:5   | Reached skill level 5 in Shields
 15025 | Lair:5   | XOM: noise
 15096 | Lair:6   | Entered Level 6 of the Lair of Beasts
 15098 | Lair:6   | XOM: divination: magic mapping
 15120 | Lair:6   | XOM: silly message
 15174 | Lair:6   | XOM: polymorph wyvern -> rime drake
 15178 | Lair:6   | XOM: divine lightning
 15217 | Lair:6   | XOM: 2-stop teleportation journey
 15319 | Lair:6   | Reached skill level 15 in Fighting
 15348 | Lair:6   | XOM: blink monster(s)
 15364 | Lair:6   | XOM: polymorph seven-headed hydra -> glowing shapeshifter
 15377 | Lair:6   | XOM: noise
 15379 | Lair:6   | XOM: divination: detect creatures
 15388 | Lair:6   | XOM: enchant monster (bad)
 15573 | Lair:6   | XOM: confuse monster(s)
 15656 | Lair:6   | XOM: destruction
 15731 | Lair:6   | Reached XP level 14. HP: 134/143 MP: 17/17
 15735 | Lair:6   | XOM: enchant monster (good)
 15856 | Lair:6   | XOM: summons 6 friendly demons
 15859 | Lair:6   | XOM: fog
 15915 | Lair:6   | XOM: noise
 15924 | Lair:6   | XOM: summons 2 friendly demons
 15926 | Lair:6   | XOM: summons 2 hostile demons
 15989 | Lair:6   | XOM: silly message
 16035 | Lair:6   | Cast into level 2 of the Abyss (spriggan)
 16057 | Abyss:2  | Found a corrupted altar of Lugonu.
 16086 | Abyss:2  | XOM: silly message
 16104 | Abyss:2  | XOM: confusion
 16110 | Abyss:2  | XOM: confusion
 16113 | Abyss:2  | XOM: swap monsters
 16163 | Abyss:2  | XOM: swap monsters
 16196 | Abyss:2  | Noticed a bone dragon
 16198 | Lair:6   | Escaped the Abyss
 16260 | Lair:6   | XOM: potion effect (brilliance)
 16357 | Lair:6   | XOM: silly message
 16383 | Lair:6   | XOM: scenery: create altars
 16411 | Lair:6   | XOM: scenery: create altars
 16412 | Lair:6   | XOM: scenery: create altars
 16452 | Lair:6   | XOM: silly message
 16530 | Lair:6   | Found a corrupted altar of Lugonu.
 16530 | Lair:6   | Found a one-way gate to the infinite horrors of the Abyss.
 16639 | Lair:6   | XOM: give mutations
 16639 | Lair:6   | Lost mutation: You are mostly covered in iridescent scales.
                  | (AC +4) [Xom's mischief]
 16639 | Lair:6   | Lost mutation: You can roll a great distance at foes to
                  | attack. [Xom's mischief]
 16639 | Lair:6   | Lost mutation: Your natural rate of healing is unusually
                  | fast. [Xom's mischief]
 16639 | Lair:6   | Lost mutation: You are clumsy. (Dex -2) [Xom's mischief]
 17085 | D:10     | XOM: give mutations
 17085 | D:10     | Lost mutation: You are partially covered in iridescent
                  | scales. (AC +2) [Xom's mischief]
 17085 | D:10     | Gained mutation: You occasionally shout uncontrollably at
                  | your foes. [Xom's mischief]
 17085 | D:10     | Lost mutation: You are robust. (+10% HP) [Xom's mischief]
 17140 | D:11     | Found Fuwaownu's Antique Weapon Boutique.
 17192 | D:11     | Reached XP level 15. HP: 95/138 MP: 18/18
 17304 | D:11     | XOM: polymorph killer bee -> boggart
 17417 | D:11     | Found a staircase to the Orcish Mines.
 17496 | D:11     | XOM: enchant monster (bad)
 17625 | Orc:1    | Entered Level 1 of the Orcish Mines
 18229 | Orc:2    | Entered Level 2 of the Orcish Mines
 18248 | Orc:2    | Reached skill level 1 in Evocations
 18418 | Orc:2    | XOM: enchant monster (bad)
 18420 | Orc:2    | XOM: cast spell 'Summon Small Mammal'
 18422 | Orc:2    | XOM: fake destruction
 18428 | Orc:2    | XOM: noise
 18433 | Orc:2    | XOM: polymorph ogre -> bullfrog
 18438 | Orc:2    | XOM: polymorph two-headed ogre -> anaconda
 18471 | Orc:1    | XOM: give mutations
 18471 | Orc:1    | Lost mutation: You occasionally shout uncontrollably at
                  | your foes. [Xom's mischief]
 18471 | Orc:1    | Gained mutation: You are frail. (-10% HP) [Xom's mischief]
 18471 | Orc:1    | Lost mutation: You are covered in fur. (AC +1) [Xom's
                  | mischief]
 18471 | Orc:1    | Gained mutation: Your spells are a little easier to cast,
                  | but a little less powerful. [Xom's mischief]
 18526 | Orc:2    | XOM: repel stairs
 18629 | Orc:2    | Found Ynnos's Antique Armour Shop.
 18629 | Orc:2    | Found Rulaaroe's Weapon Shoppe.
 18630 | Orc:2    | Found Gomeopo's Antique Weapon Emporium.
 18630 | Orc:2    | Found Xushrugg's Assorted Antiques.
 18658 | Orc:2    | XOM: potion effect (haste)
 18678 | Orc:2    | XOM: confuse monster(s)
 18705 | Orc:2    | XOM: polymorph two-headed ogre -> eye of devastation
 18710 | Orc:2    | XOM: summons 4 hostile shadow creatures
 18842 | Orc:2    | XOM: 1-stop teleportation journey
 18877 | Orc:2    | Noticed Saint Roka
 18952 | Orc:1    | XOM: give mutations
 18952 | Orc:1    | Gained mutation: You are weak. (Str -2) [Xom's mischief]
 18952 | Orc:1    | Lost mutation: You are frail. (-10% HP) [Xom's mischief]
 18952 | Orc:1    | Lost mutation: You have sharp toenails. [Xom's mischief]
 18952 | Orc:1    | Lost mutation: You can roll at foes to attack. [Xom's
                  | mischief]
 18992 | Orc:2    | XOM: blink monster(s)
 18997 | Orc:2    | XOM: stat loss: -1 Dex (15/16)
 19001 | Orc:2    | Reached XP level 16. HP: 117/147 MP: 21/21
 19010 | Orc:2    | XOM: cleaving
 19013 | Orc:2    | XOM: enchant monster (good)
 19033 | Orc:2    | Killed Saint Roka
 19035 | Orc:2    | XOM: enchant monster (good)
 19150 | Orc:2    | XOM: cast spell 'Disjunction'
 19156 | Orc:2    | Found a staircase to the Elven Halls.
 19157 | Orc:2    | XOM: destruction
 19329 | Orc:2    | XOM: fog
 19364 | Orc:2    | Bought a small cameo amulet for 95 gold pieces
 19373 | Orc:2    | Bought a sapphire ring for 95 gold pieces
 19373 | Orc:2    | Bought a wooden ring for 95 gold pieces
 19379 | Orc:2    | Bought a scroll of teleportation for 57 gold pieces
 19574 | Orc:2    | XOM: give mutations
 19574 | Orc:2    | Gained mutation: You have sharp fingernails. [Xom's grace]
 19574 | Orc:2    | Lost mutation: You are weak. (Str -2) [Xom's grace]
 19574 | Orc:2    | Gained mutation: You have a somewhat thin skeletal
                  | structure. (Dex +2, Stealth+) [Xom's grace]
 19582 | Orc:2    | XOM: give mutations
 19582 | Orc:2    | Gained mutation: Your body sometimes deteriorates upon
                  | taking damage. [Xom's mischief]
 19582 | Orc:2    | Gained mutation: You occasionally shout uncontrollably at
                  | your foes. [Xom's mischief]
 19631 | Orc:2    | XOM: silly message
 19675 | D:12     | XOM: chaos upgrade
 19753 | D:12     | XOM: swap monsters
 19763 | D:12     | Reached skill level 16 in Fighting
 19939 | D:12     | You fall into a shaft and drop 1 floor!
 19989 | D:13     | XOM: silly message
 20054 | D:13     | XOM: 2-stop teleportation journey
 20065 | D:13     | Reached skill level 5 in Translocations
 20543 | D:13     | XOM: enchant monster (bad)
 20584 | D:13     | XOM: 8-stop teleportation journey
 20980 | D:12     | Noticed Urug
 20991 | D:12     | Killed Urug
 21036 | D:12     | Found a snail-covered altar of Cheibriados.
 21083 | D:12     | Found a runed translucent door.
 21106 | D:12     | Found a sparkling altar of Nemelex Xobeh.
 21121 | D:12     | Found a glowing silver altar of Zin.
 21132 | D:12     | Found an ancient bone altar of Kikubaaqudgha.
 21132 | D:12     | Noticed Nergalle
 21146 | D:12     | Killed Nergalle
 21229 | D:12     | Found a sparkling altar of Nemelex Xobeh.
 21259 | D:12     | Found an iron altar of Okawaru.
 21347 | D:12     | Found a shimmering altar of Xom.
 21529 | D:13     | XOM: cleaving
 21547 | D:14     | XOM: 5-stop teleportation journey
 21554 | D:14     | XOM: 1-stop teleportation journey
 21651 | D:14     | XOM: cast spell 'Metabolic Englaciation'
 21656 | D:14     | Reached skill level 5 in Spellcasting
 21884 | D:14     | XOM: god gift: phial of floods
 22074 | D:14     | Found a stormy altar of Qazlal.
 22165 | D:14     | XOM: enchant monster (bad)
 22194 | D:14     | XOM: 1-stop teleportation journey
 22261 | D:14     | Reached skill level 10 in Armour
 22261 | D:14     | Reached XP level 17. HP: 154/154 MP: 24/24
 22273 | D:14     | XOM: give mutation
 22273 | D:14     | Lost mutation: Your body sometimes deteriorates upon taking
                  | damage. [Xom's mischief]
 22457 | D:14     | Found a gate to the Vaults.
 22467 | D:14     | XOM: god gift: +5 falchion of draining
 22841 | D:15     | Entered Level 15 of the Dungeon
 22917 | D:15     | XOM is BORED!
 22917 | D:15     | XOM: 2-stop teleportation journey
 23005 | D:15     | XOM: silly message
 23072 | D:15     | XOM: 1-stop teleportation journey
 23105 | D:15     | XOM: smoke on damage
 23107 | D:15     | XOM: 3-stop teleportation journey
 23128 | D:15     | XOM: summons 2 friendly demons
 23142 | D:15     | Reached skill level 5 in Evocations
 23173 | D:15     | XOM: 3-stop teleportation journey
 23174 | D:15     | XOM: polymorph brown ugly thing -> white ugly thing
 23193 | D:15     | XOM: give mutations
 23193 | D:15     | Lost mutation: You have sharp fingernails. [Xom's mischief]
 23193 | D:15     | Gained mutation: You are frail. (-10% HP) [Xom's mischief]
 23587 | D:15     | XOM: cast spell 'Leda's Liquefaction'
 23591 | D:15     | XOM: summons friendly ufetubus
 23598 | D:15     | XOM: confuse monster(s)
 23604 | D:15     | XOM: summons friendly iron imp
 23627 | D:15     | XOM: scenery: create altars
 23672 | D:15     | XOM: fog
 23752 | D:15     | Found a staircase to the Depths.
 23918 | D:12     | XOM: god gift: staff of air
 24031 | Snake:1  | Entered Level 1 of the Snake Pit
 24145 | Snake:1  | XOM: cleaving
 24146 | Snake:1  | XOM: destruction
 24267 | Snake:1  | Acquired the +2 cloak of the Gusle {rPois Str+4}
 24356 | Snake:1  | Found a shimmering altar of Xom.
 24532 | Snake:1  | Found Nimpomuu's Gadget Gallery.
 24547 | Snake:1  | Bought a wand of acid (9) for 390 gold pieces
 24722 | Snake:1  | XOM: god gift: scroll of teleportation
 24797 | Snake:1  | XOM: give mutations
 24797 | Snake:1  | Gained mutation: You can roll at foes to attack. [Xom's
                  | grace]
 24797 | Snake:1  | Gained mutation: You have a pair of small horns on your
                  | head. [Xom's grace]
 24797 | Snake:1  | Gained mutation: You expend magic power (3 MP) to
                  | strengthen your wands. [Xom's grace]
 24887 | Snake:2  | XOM: enchant monster (good)
 25045 | Snake:2  | XOM: enchant monster (good)
 25240 | Snake:2  | Found a sacrificial altar of Ru.
 25249 | Snake:2  | XOM: cloud trail
 25277 | Snake:2  | XOM: chaos upgrade
 25293 | Snake:2  | Reached XP level 18. HP: 138/148 MP: 25/25
 25309 | Snake:2  | XOM: cast spell 'Olgreb's Toxic Radiance'
 25362 | Snake:2  | XOM: cast spell 'Dispersal'
 25370 | Snake:2  | Reached skill level 10 in Dodging
 25422 | Snake:2  | XOM: summons friendly white imp
 25704 | Snake:2  | XOM: enchant monster (good)
 25779 | Snake:2  | XOM: 5-stop teleportation journey
 25922 | Snake:2  | Identified the +4 scale mail of Valour {Drain Will+ rCorr
                  | Dex+5}
 26102 | Snake:2  | XOM: summons friendly ufetubus
 26307 | Snake:2  | XOM: summons 5 hostile demons
 26313 | Snake:2  | XOM: cloud trail
 26804 | Snake:3  | XOM: confuse monster(s)
 26943 | Snake:3  | XOM: enchant monster (good)
 27030 | Snake:3  | Found Yggexu's Armour Emporium.
 27031 | Snake:3  | Noticed Vashnia
 27054 | Snake:3  | XOM: enchant monster (good)
 27063 | Snake:3  | XOM: chaos upgrade
 27065 | Snake:3  | XOM: 4-stop teleportation journey
 27195 | Snake:3  | XOM: 2-stop teleportation journey
 27209 | Snake:3  | XOM: enchant monster (bad)
 27290 | Snake:3  | Found Enifudex's Assorted Antiques.
 27331 | Snake:3  | Found Japnoeja's Assorted Antiques.
 27334 | Snake:3  | Found Gaots's Magic Scroll Emporium.
 27336 | Snake:3  | Bought a potion of curing for 99 gold pieces
 27336 | Snake:3  | Bought a wand of acid (7) for 264 gold pieces
 27345 | Snake:3  | Bought a scroll of teleportation for 60 gold pieces
 27345 | Snake:3  | Bought 3 scrolls of fear for 210 gold pieces
 27351 | Snake:3  | Bought a scroll of enchant weapon for 292 gold pieces
 27352 | Snake:3  | Bought a scroll labelled DEPOODOI PIUXUZ for 39 gold pieces
 27352 | Snake:3  | Bought a scroll labelled JOLITT ECEO for 39 gold pieces
 27352 | Snake:3  | Bought an encrusted silver wand for 156 gold pieces
 27450 | Snake:3  | XOM: silly message
 27452 | Snake:3  | XOM: swap monsters
 27516 | Snake:3  | Reached skill level 10 in Shields
 27633 | Snake:3  | XOM: blink monster(s)
 27642 | Snake:3  | XOM: give mutation
 27642 | Snake:3  | Lost mutation: You have a pair of small horns on your head.
                  | [Xom's mischief]
 27645 | Snake:3  | XOM: give mutations
 27645 | Snake:3  | Lost mutation: You can roll at foes to attack. [Xom's
                  | mischief]
 27654 | Snake:3  | HP: 6/148 [naga warrior (6)]
 27791 | Snake:3  | XOM: summons 1 hostile demon
 27908 | Snake:3  | Identified the +5 lajatang of Doubt {pain, Str+6}
 28086 | Snake:3  | XOM: summons 7 hostile demons
 28143 | Snake:3  | XOM: give mutations
 28143 | Snake:3  | Lost mutation: Your flesh is cold resistant. (rC+) [Xom's
                  | mischief]
 28143 | Snake:3  | Lost mutation: You occasionally shout uncontrollably at
                  | your foes. [Xom's mischief]
 28157 | Snake:3  | XOM: enchant monster (bad)
 28159 | Snake:3  | XOM: noise
 28273 | Snake:3  | Killed Vashnia
 28653 | Snake:3  | XOM: noise
 28661 | Snake:3  | XOM: potion effect (curing)
 28663 | Snake:3  | XOM: enchant monster (good)
 28979 | Snake:3  | XOM: scenery: summon butterflies
 28993 | Snake:4  | Entered Level 4 of the Snake Pit
 29037 | Snake:4  | XOM: cleaving
 29361 | Elf:1    | Entered Level 1 of the Elven Halls
 29364 | Elf:1    | Paralysed by an air elemental for 1 turns
 29371 | Elf:1    | Paralysed by an air elemental for 1 turns
 29522 | Elf:1    | XOM: confuse monster(s)
 29524 | Elf:1    | XOM: cleaving
 29543 | Elf:1    | XOM: enchant monster (good)
 29662 | Elf:1    | XOM: enchant monster (good)
 29704 | Elf:1    | Got the Incunabulum of Combat Magic
 29730 | Elf:1    | XOM: divination: magic mapping
 29731 | Elf:1    | XOM: cleaving
 29756 | Elf:1    | XOM: confuse monster(s)
 29783 | Elf:1    | XOM: polymorph deep elf zephyrmancer -> shock serpent
 29841 | Elf:1    | XOM: summons 5 friendly demons
 30566 | Elf:2    | Found Xaotitt's General Store.
 30581 | Elf:2    | XOM: cast spell 'Summon Horrible Things'
 30590 | Elf:2    | Bought a potion of curing for 63 gold pieces
 30590 | Elf:2    | Bought a scroll of enchant armour for 157 gold pieces
 30632 | Elf:2    | XOM: enchant monster (good)
 30644 | Elf:2    | XOM: divination: detect items
 30651 | Elf:2    | XOM: divine lightning
 30679 | Elf:2    | XOM: god gift: tin of tremorstones (2/2)
 30759 | Elf:2    | XOM: chaos upgrade
 30874 | Elf:2    | Reached XP level 19. HP: 152/154 MP: 27/27
 30894 | Elf:2    | XOM: blink monster(s)
 30917 | Elf:2    | Acquired 939 gold pieces
 30936 | Elf:2    | Identified the +7 halberd "Loco" {vorpal, Int+3}
 30989 | Elf:2    | Found a runed translucent gate.
 30991 | Elf:2    | XOM: smoke on damage
 30998 | Elf:2    | XOM: noise
 31006 | Elf:2    | Found a runed translucent gate.
 31006 | Elf:2    | XOM: 3-stop teleportation journey
 31007 | Elf:2    | Noticed Donald
 31031 | Elf:2    | XOM: chaos cloud
 31113 | Elf:2    | XOM: noise
 31163 | Elf:2    | XOM: give mutations
 31163 | Elf:2    | Lost mutation: You are strong-willed. (Will+) [Xom's
                  | mischief]
 31163 | Elf:2    | Gained mutation: You are dopey. (Int -2) [Xom's mischief]
 31200 | Elf:2    | XOM: confusion
 31344 | Elf:2    | Found a runed translucent gate.
 31433 | Elf:2    | XOM: confusion
 31541 | Elf:3    | Entered Level 3 of the Elven Halls
 31603 | Elf:3    | Found Qidwecoj's Weapon Emporium.
 31656 | Elf:3    | Found Vuites's Weapon Boutique.
 31679 | Elf:3    | XOM: silly message
 31696 | Elf:3    | XOM: scenery: 1 doors open, 1 doors close
 31718 | Elf:3    | XOM: destruction
 31771 | Elf:3    | Found Lixtuco's Antique Weapon Boutique.
 31958 | Elf:3    | Found Vysae's Jewellery Shoppe.
 32081 | Elf:3    | XOM: confusion
 32083 | Elf:3    | XOM: blink monster(s)
 32099 | Elf:3    | XOM: enchant monster (bad)
 32110 | Elf:3    | XOM: swap monsters
 32553 | Elf:3    | XOM: enchant monster (bad)
 32557 | Elf:3    | XOM: polymorph ynoxinul -> soul eater
 32631 | Elf:3    | XOM: swap monsters
 32654 | Elf:3    | XOM: enchant monster (bad)
 32658 | Elf:3    | XOM: summons 3 friendly demons
 32659 | Elf:3    | XOM: polymorph deep elf master archer -> emperor scorpion
 32661 | Elf:3    | XOM: confuse monster(s)
 32672 | Elf:3    | XOM: noise
 32673 | Elf:3    | Reached skill level 15 in Shields
 32717 | Elf:3    | XOM: 3-stop teleportation journey
 32870 | Elf:3    | Noticed a Brimstone Fiend
 33149 | Elf:3    | XOM: polymorph deep elf elementalist -> entropy weaver
 33157 | Elf:3    | Reached skill level 17 in Fighting
 33170 | Elf:3    | XOM: confuse monster(s)
 33177 | Elf:3    | XOM: confuse monster(s)
 33217 | Elf:3    | Got Usustov's Grimoire of Excruciating Poisoning
 33255 | Elf:3    | XOM: summons friendly white imp
 33271 | Elf:3    | Identified the +0 chain mail "Tebanoz" {rN+}
 33287 | Elf:3    | Identified the +5 mace "Luhaineu" {vorpal, rN+ Will- Int+5}
 33303 | Elf:3    | Identified the +5 shortbow "Foug" {venom, Fragile rCorr
                  | Dex+4 Stlth+}
 33375 | Elf:3    | Identified the amulet of Amorality {rElec Regen+ Int-2
                  | Slay+3}
 33475 | Elf:3    | Upgraded the game from 0.28-a0-909-g796cbd3a86 to
                  | 0.28-a0-915-gcd63401287
 33736 | Shoals:1 | Entered Level 1 of the Shoals
 34227 | Shoals:1 | XOM: god gift: hand crossbow {god gift}
 34579 | Shoals:2 | XOM: scenery: create altars
 34586 | Shoals:2 | XOM: stat loss: -1 Dex (12/13)
 34720 | Shoals:2 | Noticed Polyphemus
 34737 | Shoals:2 | Killed Polyphemus
 35037 | Shoals:2 | Noticed Louise
 35052 | Shoals:2 | Killed Louise
 35335 | Shoals:3 | XOM: summons 10 hostile demons
 35360 | Shoals:3 | Noticed Mara
 35391 | Shoals:3 | XOM: confuse monster(s)
 35410 | Shoals:3 | XOM: confusion (+ monsters)
 35427 | Shoals:3 | XOM: god gift: wand of charming (10)
 35651 | Shoals:3 | XOM: fog
 35656 | Shoals:3 | XOM: divination: detect items
 35657 | Shoals:3 | XOM: smoke on damage
 35714 | Shoals:3 | XOM: 1-stop teleportation journey
 35983 | Shoals:3 | Noticed tsouns's illusion
 35996 | Shoals:3 | Killed Mara
 36017 | Shoals:4 | Entered Level 4 of the Shoals
 36100 | Shoals:4 | XOM is BORED!
 36100 | Shoals:4 | XOM: stat loss: -3 Str (16/19)
 36135 | Shoals:4 | Reached XP level 20. HP: 162/162 MP: 28/28
 36379 | Shoals:4 | XOM: confusion
 36409 | Shoals:4 | XOM: polymorph merfolk impaler -> ghost moth
 36493 | Shoals:4 | Identified Roxanne's Almanac of Earth
 36493 | Shoals:4 | Noticed Roxanne
 36501 | Shoals:4 | XOM: noise
 36537 | Shoals:4 | XOM: scenery: summon butterflies
 36586 | Shoals:4 | Killed Roxanne
 36654 | Shoals:4 | Found the amulet of Vitality {Regen+ HP+15}
 36655 | Shoals:4 | XOM: god gift: 29 stones
 36913 | Shoals:4 | Got a barnacled rune of Zot
 37263 | Vaults:1 | Entered Level 1 of the Vaults
 37269 | Vaults:1 | XOM: fog
 37272 | Vaults:1 | XOM: summons 5 friendly demons
 37331 | Vaults:1 | XOM: cleaving
 37385 | Vaults:1 | XOM: summons 4 friendly demons
 37390 | Vaults:1 | XOM: enchant monster (good)
 37640 | Vaults:1 | XOM: divine lightning
 37641 | Vaults:1 | XOM: summons 8 friendly demons
 37643 | Vaults:1 | XOM: blink monster(s)
 37648 | Vaults:1 | XOM: potion effect (might)
 37852 | Vaults:1 | XOM: 1-stop teleportation journey
 37933 | Vaults:1 | XOM: scenery: 1 doors open
 37941 | Vaults:1 | XOM: silly message
 38046 | Vaults:1 | Found a crumbling gateway.
 38056 | Desolati | Entered the Desolation of Salt
 38134 | Desolati | XOM: confusion
 38138 | Desolati | XOM: butterfly on damage
 38147 | Desolati | XOM: give mutations
 38147 | Desolati | Gained mutation: You have sharp toenails. [Xom's grace]
 38147 | Desolati | Gained mutation: You have a pair of small horns on your
                  | head. [Xom's grace]
 38147 | Desolati | Lost mutation: You are dopey. (Int -2) [Xom's grace]
 38149 | Desolati | XOM: divine lightning
 38160 | Desolati | Reached skill level 18 in Fighting
 38295 | Desolati | Identified the ring "Uvocyfeh" {MP+9 EV+4}
 38303 | Desolati | Identified the +4 spear of Miroamue {speed, rN+ Dex+2}
 38324 | Desolati | XOM: give mutations
 38324 | Desolati | Lost mutation: You are frail. (-10% HP) [Xom's mischief]
 38324 | Desolati | Lost mutation: You are almost entirely resistant to further
                  | mutation and mutation removal. [Xom's mischief]
 38324 | Desolati | Lost mutation: You have a somewhat thin skeletal structure.
                  | (Dex +2, Stealth+) [Xom's mischief]
 38458 | Desolati | XOM: cleaving
 38492 | Desolati | XOM: confuse monster(s)
 38495 | Desolati | XOM: destruction
 38503 | Desolati | XOM: summons 3 friendly demons
 38521 | Desolati | Identified the ring "Juom" {rPois rF+}
 38532 | Desolati | Identified the +6 arbalest of the Destroying Fool {vorpal,
                  | rElec Str+3}
 38543 | Desolati | Got the Collected Works on the Traveller and the Blaze
 38545 | Desolati | Got the Almanac of Mutagenic Attacks
 38551 | Desolati | XOM: give mutations
 38551 | Desolati | Lost mutation: You have sharp toenails. [Xom's grace]
 38551 | Desolati | Gained mutation: You have large cloven feet. [Xom's grace]
 38551 | Desolati | Gained mutation: You are partially covered in iridescent
                  | scales. (AC +2) [Xom's grace]
 38551 | Desolati | Gained mutation: You possess an exceptional clarity of
                  | mind. [Xom's grace]
 38642 | Desolati | XOM: enchant monster (good)
 38815 | Desolati | Identified the amulet of Cyarakhleg {Faith Rampage rF+ rC+
                  | Str+4}
 38823 | Desolati | Identified the amulet "Zurcheje" {Reflect Rampage rElec
                  | rPois SH+5}
 39007 | Vaults:1 | XOM: fake destruction
 39013 | Vaults:1 | XOM: summons friendly white imp
 39017 | Vaults:1 | XOM: 6-stop teleportation journey
 39334 | Vaults:1 | XOM: torment (73/182 hp)
 39754 | Vaults:2 | Found Igurir's Assorted Antiques.
 39760 | Vaults:2 | Bought a bound pewter ring for 190 gold pieces
 39760 | Vaults:2 | Identified the ring "Viulleg" {Wiz rPois Int+6} (You bought
                  | it in a shop on level 2 of the Vaults)
 39786 | Vaults:2 | Identified the amulet "Xewy" {Acrobat rF+ Dex+2}
 39815 | Vaults:2 | XOM: confuse monster(s)
 39820 | Vaults:2 | XOM: fog
 39829 | Vaults:2 | XOM: swap monsters
 39863 | Vaults:2 | XOM: potion effect (heal wounds)
 40019 | Vaults:2 | XOM: 1-stop teleportation journey
 40112 | Vaults:2 | XOM: chaos upgrade
 40116 | Vaults:2 | XOM: swap monsters
 40412 | Vaults:2 | XOM: summons 4 friendly demons
 40416 | Vaults:2 | XOM: potion effect (might)
 40673 | Vaults:2 | XOM: silly message
 40676 | Vaults:2 | XOM: confuse monster(s)
 40689 | Vaults:2 | Reached skill level 10 in Evocations
 40712 | Vaults:2 | XOM: blink monster(s)
 40773 | Vaults:2 | Reached XP level 21. HP: 190/190 MP: 29/29
 40901 | Vaults:2 | XOM: chaos upgrade
 41021 | Vaults:2 | XOM: give mutations
 41021 | Vaults:2 | Gained mutation: You sometimes lose the ability to read
                  | scrolls when taking damage. [Xom's mischief]
 41021 | Vaults:2 | Lost mutation: You expend magic power (3 MP) to strengthen
                  | your wands. [Xom's mischief]
 41021 | Vaults:2 | Lost mutation: You have a pair of small horns on your head.
                  | [Xom's mischief]
 41021 | Vaults:2 | Lost mutation: You sometimes lose the ability to read
                  | scrolls when taking damage. [Xom's mischief]
 41062 | Vaults:2 | XOM: stat loss: -1 Int (22/23)
 41100 | Vaults:2 | XOM: chaos upgrade
 41101 | Vaults:2 | XOM: chaos upgrade
 41103 | Vaults:2 | XOM: polymorph yaktaur -> floating eye
 41104 | Vaults:2 | XOM: polymorph floating eye -> shock serpent
 41123 | Vaults:2 | XOM: polymorph yaktaur -> black mamba
 41146 | Vaults:2 | XOM: torment (77/190 hp)
 41361 | Vaults:2 | Noticed Sojobo
 41375 | Vaults:2 | XOM: noise
 41378 | Vaults:2 | XOM: blink monster(s)
 41392 | Vaults:2 | XOM: divination: magic mapping
 41398 | Vaults:2 | Killed Sojobo
 41665 | Vaults:2 | Upgraded the game from 0.28-a0-915-gcd63401287 to
                  | 0.28-a0-925-gd5e1996cdb
 41750 | Vaults:3 | Found Fityc's Magic Scroll Shop.
 41760 | Vaults:3 | Acquired a manual of Maces & Flails
 41762 | Vaults:3 | Bought a scroll of acquirement for 728 gold pieces
 41762 | Vaults:3 | Acquired a manual of Armour
 41875 | Vaults:3 | XOM: chaos upgrade
 41918 | Vaults:3 | XOM: summons 7 hostile demons
 41920 | Vaults:3 | XOM: swap monsters
 42044 | Vaults:2 | XOM: smoke on damage
 42046 | Vaults:2 | XOM: chaos upgrade
 42046 | Vaults:2 | Slain by a vault warden

Illustrated notes

Levels and vault maps discovered:
D:1:      nagdon_arrival_zigzag_paths, layout_basic,
          shapermc_ecumenical_altar_totnotflames
D:2:      layout_basic
D:3:      layout_basic
D:4:      layout_loops_corners
D:5:      layout_basic, minmay_temple_entry_trees, serial_shops,
          nicolae_shop_bloodbath_and_beyond, uniq_prince_ribbit1
D:6:      layout_gridville, ashenzari_conservatory_becter, portal_sewer_entry_a,
          uniq_blork_the_orc, uniq_edmund, uniq_duvessa, uniq_maggie
D:7:      layout_cave_pools
D:8:      layout_loops_ring, nzn_wu_jian_contemplation, nzn_ghost_randoct,
          st_stairs_1, guppyfry_early_elven_hall, uniq_maurice
D:9:      layout_long_grid, lair_entry_dummy, minmay_misc_feat_columns
D:10:     layout_loops_cross, ebering_ghost_xom, uniq_joseph
D:11:     layout_basic, minmay_orc_entry_temple_small, serial_shops,
          shop_fountains, gauntlet_entry_generic
D:12:     due_megacathedral, layout_rooms, cheibrodos_worm_habitat, uniq_urug,
          uniq_nergalle
D:13:     layout_loops_cross
D:14:     layout_loops_ring, grunt_vaults_entry_fortified,
          nicolae_qazlal_eye_of_the_storm
D:15:     gammafunk_enter_depths_forms, layout_long_grid
Lair:1:   layout_layer_cave, chequers_serial_rivers_micro_b, uniq_harold
Lair:2:   layout_cave_pods, minmay_snake_entry_guardpost_small,
          grunt_megastairs_4, uniq_fannar
Lair:3:   layout_misc_corridors, minmay_shoals_entry_lonely_mermaid,
          ebering_ghost_xom, chequers_serial_rivers_small_b,
          minmay_shattered_shrine
Lair:4:   layout_cave_pods, grunt_megastairs_5, lemuel_fruit_fields,
          serial_bayou_shore_a, uniq_snorg
Lair:5:   layout_big_grid, minmay_slime_entry_oklob_open, lemuel_fruit_fields,
          uniq_sonja
Lair:6:   hellmonk_lair_end_abyssal_woods, layout_small_grid, worms_lemuel,
          grunt_megastairs_1
Shoals:1: layout_shoals, uniq_mlioglotl
Shoals:2: layout_shoals, uniq_louise, uniq_polyphemus
Shoals:3: layout_shoals, uniq_mara
Shoals:4: shoals_end_grunt_ice, layout_shoals, uniq_roxanne
Snake:1:  layout_onion_interference, basic_altar, nicolae_shop_gadgets
Snake:2:  layout_chambers, basic_altar
Snake:3:  layout_layer_cave, minmay_shoptagon, uniq_vashnia
Snake:4:  snake_pit_salamanders_mu, layout_gridlike, lemuel_fruit_tree,
          uniq_bai_suzhen, uniq_aizul
Orc:1:    layout_caves
Orc:2:    st_orc_ogre_mass, layout_diamond_mine, uniq_saint_roka
Elf:1:    layout_gridlike, minmay_elf_annihilation, grunt_megastairs_2
Elf:2:    elven_hall_of_blades_hangedman_original [mumra_blade_entry_bloodbath],
          layout_onion_city, serial_shops, shop, uniq_donald
Elf:3:    elf_hall, layout_loops_corners, serial_shops, nicolae_shop_crystal,
          shop, nicolae_shop_advertising_works [nicolae_subvault_shop_adworks],
          shop, nicolae_elf_variegated_diamond
Vaults:1: portal_desolation_entry_garden, v_rooms_4, v_misc_2,
          vaults_dpeg_spiral, vaults_room_hallway, nicolae_vaults_asterisk,
          grunt_vaults_twisty, vaults_room_fours, hangedman_vaults_trim,
          layout_vaults_omnigrid
Vaults:2: vaults_room_ringed_pool, v_pattern_1,
          nicolae_vaults_network_quinsquares
          [nicolae_vaults_network_quincunx_subvault,
          nicolae_vaults_network_quincunx_subvault,
          nicolae_vaults_network_quincunx_subvault,
          nicolae_vaults_network_quincunx_subvault], nicolae_vaults_what_the_h,
          vaults_dpeg_encased_lava, vaults_room_semicircle,
          ontoclasm_vaults_chip, v_alt_pattern_6, hangedman_vaults_maws,
          grunt_vaults_hallway_long, nicolae_vaults_angled_halls,
          vaults_room_glass_cross, layout_vaults_ring, serial_shops, shop,
          uniq_sojobo
Vaults:3: v_misc_16, vaults_dpeg_ring, vaults_standard_mumra_x,
          minmay_crypt_entry_simple_statues, nicolae_vaults_back_hallway,
          v_misc_11, nicolae_vaults_diagonal_hallway_9, v_misc_33,
          vaults_room_fancy_cross, st_diamondy, vaults_room_pool,
          ontoclasm_vaults_ring_square, v_misc_16, grunt_vaults_trifunnel,
          ontoclasm_vaults_eye, layout_vaults_maze, serial_shops,
          nicolae_shop_trees, shop_statue, nicolae_shop_waterfront

Skill      XL: |  1  2  3  4  5  6  7  8  9 10 11 12 13 14 15 16 17 18 19 20 21 |
---------------+----------------------------------------------------------------+-----
Fighting       | 3 4 5 6 8 10 12 13 14 15 16 17 18 | 18.8
Maces & Flails | 3 4 5 6 8 10 12 13 14 | 14.0
Armour         | 3 5 7 8 10 11 13 14 | 14.0
Dodging        | 4 6 7 8 9 10 11 12 | 12.5
Shields        | 2 5 9 13 15 | 15.0
Evocations     | 2 4 5 6 7 10 | 10.4
Spellcasting   | 3 5 |  5.7
Translocations | 4 5 7 |  7.5
Throwing       | |  0.6

Action                   |  1- 3 |  4- 6 |  7- 9 | 10-12 | 13-15 | 16-18 | 19-21 || total
-------------------------+-------+-------+-------+-------+-------+-------+-------++-------
Melee: Mace              |   139 |    90 |    13 |       |       |       |       ||   242
       Tailslap          |    13 |     8 |    27 |   100 |   164 |   274 |   357 ||   943
       Kick              |     1 |     1 |       |       |       |       |   279 ||   281
       Dire flail        |       |       |   335 |   695 |       |       |       ||  1030
       Demon whip        |       |       |       |   109 |  1196 |  1695 |  2065 ||  5065
       Headbutt          |       |       |       |       |       |    97 |   143 ||   240
Throw: Javelin           |    14 |     1 |       |     2 |       |     4 |    25 ||    46
       Dart              |       |     1 |     2 |       |     1 |       |       ||     4
 Cast: Teleport Other    |       |       |     2 |       |       |       |       ||     2
       Call Imp          |       |       |       |     1 |       |       |       ||     1
       Manifold Assault  |       |       |       |       |       |     4 |       ||     4
 Abil: Rolling Charge    |       |       |     1 |       |     1 |     1 |       ||     3
Evoke: Wand              |       |       |     2 |       |     1 |    43 |    25 ||    71
       Lightning rod     |       |       |       |       |     4 |    14 |     5 ||    23
       Phial of floods   |       |       |       |       |       |     1 |       ||     1
       Tin of tremorston |       |       |       |       |       |       |     6 ||     6
       Condenser vane    |       |       |       |       |       |       |     2 ||     2
  Use: Potion            |     1 |       |     1 |     4 |     1 |    11 |     9 ||    27
       Scroll            |     6 |     1 |     7 |    10 |     8 |    18 |    17 ||    67
 Stab: Distracted        |       |       |     1 |     1 |     2 |     3 |     2 ||     9
       Paralysed         |       |       |     2 |       |       |     4 |     1 ||     7
       Sleeping          |       |       |     1 |     8 |     6 |    18 |    14 ||    47
       Invisible         |       |       |       |     4 |       |     8 |     4 ||    16
       Confused          |       |       |       |     1 |     4 |     3 |    10 ||    18
       Petrified         |       |       |       |       |     7 |    18 |       ||    25
       Petrifying        |       |       |       |       |       |     1 |       ||     1
Armor: Leather armour    |   105 |    59 |   125 |       |       |       |       ||   289
       Steam dragon scal |       |       |   135 |   465 |   431 |   442 |   452 ||  1925
Dodge: Dodged            |   110 |    45 |   132 |   257 |   248 |   392 |   362 ||  1546
Block: Kite shield       |       |       |       |    21 |   364 |   405 |       ||   790
       Tower shield      |       |       |       |       |       |   271 |  1225 ||  1496

Table legend: (Time is in decaauts)
 A = Elapsed time spent in this place.
 B = Non-inter-level travel time spent in this place.
 C = Inter-level travel time spent in this place.
 D = Time resting spent in this place.
 E = Time spent auto-exploring this place.
 F = Levels seen in this place.
 G = Mean time per level.
                   A        B        C        D        E       F      G
               +--------+--------+--------+--------+--------+-----+--------+
         Total |  39845 |  37322 |   2523 |     11 |  26944 |  39 | 1021.7 |
       Dungeon |  14806 |  13629 |   1177 |     11 |  10332 |  15 |  987.1 |
          Lair |   6784 |   6208 |    576 |      0 |   4579 |   6 | 1130.7 |
        Shoals |   3237 |   3029 |    208 |      0 |   1880 |   4 |  809.2 |
     Snake Pit |   4879 |   4707 |    172 |      0 |   3587 |   4 | 1219.8 |
  Orcish Mines |   1945 |   1747 |    198 |      0 |   1155 |   2 |  972.5 |
   Elven Halls |   3761 |   3637 |    124 |      0 |   2405 |   3 | 1253.7 |
        Vaults |   3431 |   3366 |     65 |      0 |   2505 |   3 | 1143.7 |
         Abyss |    137 |    137 |      0 |      0 |     26 |   1 |  137.0 |
    Desolation |    862 |    862 |      0 |      0 |    474 |   1 |  862.0 |
               +--------+--------+--------+--------+--------+-----+--------+

Top non-repeatable levels by time:
 Snake:3: 2344 daAuts
   Elf:3: 1811 daAuts
Vaults:2: 1774 daAuts
     D:1: 1705 daAuts
 Snake:2: 1619 daAuts
  Lair:6: 1544 daAuts
Vaults:1: 1389 daAuts
     D:9: 1285 daAuts
  Lair:1: 1234 daAuts
   Orc:2: 1210 daAuts
  Lair:2: 1200 daAuts
    D:13: 1199 daAuts
     D:6: 1125 daAuts
  Lair:4: 1121 daAuts
     D:3: 1086 daAuts
